[ AOE2 MATCH · #493739122 ]
UnrankedItalians vs Italians
Player's team · LOSS
Rival team · WIN
[ REPLAY ANALYSIS · EXTRACTED FROM THE RECORDED GAME ]
Feudal
—
Castle
—
Imperial
—
| APM avg | 48.8 |
| APM peak | 67 |
| eAPM avg | 12.2 |
| Villagers / military | 18 / 0 |
Focus
⚔️ 21.0% · 🌾 79.0%
Feudal
—
Castle
—
Imperial
—
| APM avg | 35.1 |
| APM peak | 60 |
| eAPM avg | 9.3 |
| Villagers / military | 15 / 0 |
Focus
⚔️ 6.7% · 🌾 93.3%
Match map
Initial resources + every placement click. Lines = walls · curves = elevation contours. ◆ gold · ⬟ stone · ● berries · ✦ relic · ◌ wall gap
Your base
Karlak's base
Smoothed initial terrain · ◌ = detected wall gap · hover for details
Inputs per minute
— flpzprop - - Karlak
Build order — flpzprop
23 actions detected in the replay
| 0:01 | Queue | Villager (Male) |
| 0:01 | Queue | Villager (Male) |
| 0:02 | Queue | Villager (Male) |
| 0:02 | Queue | Villager (Male) |
| 0:02 | Queue | Villager (Male) |
| 0:04 | Build | House |
| 0:06 | Build | House |
| 1:30 | Queue | Villager (Male) |
| 1:30 | Queue | Villager (Male) |
| 2:19 | Queue | Villager (Male) |
| 2:19 | Queue | Villager (Male) |
| 2:19 | Queue | Villager (Male) |
| 2:22 | Build | Lumber Camp |
| 2:50 | Build | House |
| 3:10 | Queue | Villager (Male) |
| 3:11 | Queue | Villager (Male) |
| 3:11 | Queue | Villager (Male) |
| 4:28 | Queue | Villager (Male) |
| 4:41 | Queue | Villager (Male) |
| 4:41 | Queue | Villager (Male) |
| 5:39 | Build | House |
| 5:44 | Queue | Villager (Male) |
| 6:26 | Queue | Villager (Male) |
Build order — Karlak
21 actions detected in the replay
| 0:01 | Queue | Villager (Male) |
| 0:01 | Queue | Villager (Male) |
| 0:01 | Queue | Villager (Male) |
| 0:03 | Build | House |
| 0:05 | Build | House |
| 0:16 | Queue | Villager (Male) |
| 1:52 | Queue | Villager (Male) |
| 1:55 | Build | Lumber Camp |
| 2:00 | Queue | Villager (Male) |
| 2:24 | Queue | Villager (Male) |
| 2:59 | Queue | Villager (Male) |
| 3:10 | Queue | Villager (Male) |
| 3:44 | Build | Mill |
| 4:01 | Queue | Villager (Male) |
| 4:01 | Queue | Villager (Male) |
| 4:35 | Build | House |
| 5:27 | Queue | Villager (Male) |
| 5:28 | Queue | Villager (Male) |
| 5:50 | Queue | Villager (Male) |
| 5:58 | Build | House |
| 6:51 | Queue | Villager (Male) |
Match timeline
| 6:58 | flpzprop · resign |
[ AI ANALYSIS · 1 CREDIT ]
What really happened in this match?
Wolo.gg analyzes every decision: build order, eco, micro, common mistakes by bracket. Personalized analysis on WhatsApp or Discord in 30 seconds.
Civ guide
Italians
Perfil
Jugador #6007145